 Dungeon Crawl Stone Soup version 0.23-a0-269-g65e0026 (webtiles) character file.

126 Gildeon the Insei (level 5, 0/34 HPs)
             Began as an Octopode Transmuter on Sept 30, 2018.
             Was an Initiate of Dithmenos.
             Slain by a hound skeleton (4 damage)
             ... on level 4 of the Dungeon.
             The game lasted 00:15:47 (2691 turns).

Gildeon the Insei (Octopode Transmuter)             Turns: 2691, Time: 00:15:48

Health: 0/34       AC:  1    Str: 10    XL:     5   Next: 10%
Magic:  8/8        EV: 14    Int: 20    God:    Dithmenos [......]
Gold:   103        SH:  0    Dex: 12    Spells: 3/9 levels left

rFire    . . .     SeeInvis .     - Unarmed
rCold    . . .     Gourm    .   (no shield)
rNeg     . . .     Faith    .   (helmet restricted)
rPois    .         Spirit   .   (no amulet)
rElec    .         Reflect  .   e - +4 ring of intelligence
rCorr    .         Harm     .   (no ring)
MR       .....                  (no ring)
Stlth    +++.......             (no ring)
HPRegen  0.11/turn              (no ring)
MPRegen  0.11/turn              (no ring)
                                (no ring)
                                (no ring)

@: no status effects
A: almost no armour, stealthy swim, amphibious, 8 rings, constrict 8, camouflage
1, gelatinous body 1
a: Renounce Religion


You were on level 4 of the Dungeon.
You worshipped Dithmenos.
Dithmenos was noncommittal.
You were not hungry.

You visited 1 branch of the dungeon, and saw 4 of its levels.

You collected 103 gold pieces.

Inventory:

Missiles
 a - 75 arrows
Jewellery
 e - a +4 ring of intelligence (left tentacle)
Scrolls
 f - 3 scrolls of remove curse
 g - 2 scrolls of teleportation
 h - a scroll of amnesia {unknown}
Potions
 b - a potion of berserk rage
 d - a potion of degeneration {unknown}
 i - a potion of mutation
 j - 2 potions of heal wounds
 k - a potion of invisibility {unknown}
 l - a potion of agility {unknown}
 n - a potion of haste {unknown}
Comestibles
 c - 7 rations
 m - a chunk of flesh


   Skills:
 + Level 2.1 Fighting
 + Level 2.6 Dodging
 + Level 2.4 Stealth
 + Level 3.5 Unarmed Combat
 + Level 2.6 Spellcasting
 + Level 2.6 Transmutations


You had 3 spell levels left.
You knew the following spells:

 Your Spells              Type           Power        Failure   Level  Hunger
a - Beastly Appendage     Tmut           ##....       4%          1    None
b - Sticks to Snakes      Tmut           ##......     8%          2    ##.....
c - Spider Form           Tmut/Pois      #.........   26%         3    ###....

Your spell library contained the following spells:

 Spells                   Type           Power        Failure   Level  Hunger
 Ice Form                 Ice/Tmut       #.......     63%         4    ####...
 Blade Hands              Tmut           ##........   80%         5    ######.


Dungeon Overview and Level Annotations

Branches:
Dungeon (4/15)
 Temple: D:4-7

Altars:
Dithmenos
Elyvilon
The Shining One


Innate Abilities, Weirdness & Mutations

You cannot wear most types of armour.
You are very stealthy in the water. (Stealth+)
You are amphibious.
You can wear up to eight rings at the same time.
You can use your tentacles to constrict eight enemies at once.
Your skin changes colour to match your surroundings (Stealth+).
Your rubbery body absorbs attacks. (AC +1, EV +1)


Message History

Some of the chunks of flesh in your inventory have rotted away.
Found a scroll labeled EMATWO NYG CYRCH.
h - a scroll labeled EMATWO NYG CYRCH An ogre comes into view.
It is wielding a giant club.
The ogre moves out of view.
The ogre shouts!
The ogre hits you with a giant club!!
Ouch! That really hurt!
* * * LOW HITPOINT WARNING * * *
As you read the scroll of teleportation, it crumbles to dust.
You feel strangely unstable. The ogre misses you.
Your surroundings suddenly seem different.
Found a stone staircase leading down.
An orc and a skeleton come into view.
The helpless hound skeleton fails to defend itself.
You bludgeon the hound skeleton! You grab the hound skeleton.
The hound skeleton is moderately damaged.
You constrict the hound skeleton. The hound skeleton bites you.
You die...

#.....#######
# #.....#
#+## #.....#
##...##
#.....#
##.....###.
#.....#
##o.........
###...#
#.........#
$....
+.........+
#%..##
#..Z......#
#.@...>.#
##.....##
##...## ##+##


You could see an orc (sleeping) and a hound skeleton.

Vanquished Creatures
  5 adders
  An ooze (D:3)
  An adder skeleton (D:3)
  A worm (D:3)
  A dart slug (D:2)
  4 leopard geckos
  4 orcs (D:3)
  3 bats
  4 giant cockroaches
  5 goblins
  8 hobgoblins
  3 jackals (D:2)
  A ball python (D:1)
  4 frilled lizards
  6 kobolds
  10 rats
61 creatures vanquished.

Notes
Turn   | Place    | Note
-------+----------+-------------------------------------------
     0 | D:1      | Gildeon the Octopode Transmuter began the quest for the
                  | Orb.
     0 | D:1      | Reached XP level 1. HP: 13/13 MP: 3/3
   183 | D:1      | Reached XP level 2. HP: 18/18 MP: 3/5
   187 | D:1      | Learned a level 2 spell: Sticks to Snakes
   368 | D:1      | Reached skill level 1 in Stealth
   610 | D:1      | Reached XP level 3. HP: 23/23 MP: 6/6
   640 | D:1      | Learned a level 3 spell: Spider Form
  1365 | D:2      | Reached XP level 4. HP: 26/29 MP: 5/7
  2121 | D:3      | Found a glowing golden altar of the Shining One.
  2370 | D:3      | Reached XP level 5. HP: 33/34 MP: 8/8
  2398 | D:3      | Found a shadowy altar of Dithmenos.
  2401 | D:3      | Found a white marble altar of Elyvilon.
  2408 | D:3      | Became a worshipper of Dithmenos the Shadowed
  2675 | D:4      | Noticed an ogre
  2691 | D:4      | Slain by a hound skeleton

Vault maps used:
D:1:      dpeg_arrival_lava_temple_mockup
D:2:      minmay_strange_pillars
D:3:      chequers_temple_overflow_statue_of_worship, overflow_temple_1_default
D:4:      kennysheep_little_box, nicolae_ru_sacrificial_ziggurat,
          minmay_temple_entry_hall, first_ration, kennysheep_generic_room_7

Skill      XL: |  1  2  3  4 |
---------------+-------------+-----
Stealth        | 1 2 |  2.4
Fighting       | 2 |  2.1
Dodging        | |  2.6
Unarmed Combat | |  3.5
Spellcasting   | |  2.6
Transmutations | |  2.6

Action                   |  1- 3 |  4- 6 || total
-------------------------+-------+-------++-------
Melee: Unarmed           |    78 |    59 ||   137
       Constrict         |    27 |    16 ||    43
       Tentacles         |    16 |    17 ||    33
       Kick              |     8 |     7 ||    15
       Punch             |       |     1 ||     1
 Cast: Beastly Appendage |    15 |     5 ||    20
  Use: Scroll            |     2 |     7 ||     9
 Stab: Sleeping          |     6 |     7 ||    13
  Eat: Chunk             |     2 |     4 ||     6
Armor: Skin              |     8 |     4 ||    12
Dodge: Dodged            |    58 |    32 ||    90

Table legend:
 A = Non-vault XP
 B = Vault XP
 C = Vault XP percentage of total XP
 D = Non-vault monster count
 E = Vault monster count
 F = Vault count percentage of total count
                 A         B        C        D         E       F
            +---------+---------+-------+---------+---------+-------
      Total |     181 |       0 |   0.0 |      61 |       0 |   0.0
            +---------+---------+-------+---------+---------+-------
        D:1 |      48 |       0 |   0.0 |      29 |       0 |   0.0
        D:2 |      55 |       0 |   0.0 |      16 |       0 |   0.0
        D:3 |      78 |       0 |   0.0 |      16 |       0 |   0.0
            +---------+---------+-------+---------+---------+-------
